 Dungeon Crawl Stone Soup version 0.29.1-1-gd02db6906a (webtiles) character file.

Game seed: 14314886051689703720

34 NullDivider the Stinger (level 3, -12/21 HPs)
             Began as an Octopode Venom Mage on Sept 23, 2022.
             Killed by divine providence
             ... invoked by an orc priest
              (16 damage)
             ... on level 2 of the Dungeon.
             The game lasted 00:08:08 (1675 turns).

NullDivider the Stinger (Octopode Venom Mage)       Turns: 1675, Time: 00:08:09

Health: -12/21     AC:  1    Str:  7    XL:     3   Next: 31%
Magic:  1/6        EV: 13    Int: 19    God:
Gold:   62         SH:  0    Dex: 12    Spells: 3/6 levels left

rFire   . . .      SeeInvis .   (no weapon)
rCold   . . .      Faith    .   (no shield)
rNeg    . . .      Spirit   .   (helmet restricted)
rPois   .          Reflect  .   (no amulet)
rElec   .          Harm     .   (no ring)
rCorr   .          Rampage  .   (no ring)
Will    .....                   (no ring)
Stlth   +++.......              (no ring)
HPRegen 0.07/turn               (no ring)
MPRegen 0.10/turn               (no ring)
                                (no ring)
                                (no ring)

@: no status effects
A: almost no armour, amphibious, 8 rings, camouflage 1, gelatinous body 1,
(nimble swimmer 1), tentacles
a: no special abilities


You were on level 2 of the Dungeon.
You visited 1 branch of the dungeon, and saw 2 of its levels.

You collected 62 gold pieces.

Inventory:

Scrolls
 c - a scroll of fog {unknown}
 d - a scroll of identify {unknown}
 e - 2 scrolls of teleportation {unknown}
 g - a scroll of enchant weapon {unknown}
 h - a scroll of poison {unknown}
Potions
 a - 2 potions of magic
 b - a potion of ambrosia {unknown}
 f - a potion of attraction {unknown}
 i - a potion of haste {unknown}
 j - a potion of resistance {unknown}


   Skills:
 * Level 2.5 Dodging
 * Level 3.2 Stealth
 * Level 2.3 Spellcasting
 + Level 1.3 Transmutations
 + Level 0.1 Air Magic
 * Level 3.9 Poison Magic


You had 3 spell levels left.
You knew the following spells:

 Your Spells              Type           Power      Damage    Failure   Level
a - Sting                 Tmut/Pois      48%        1d5       5%          1
b - Poisonous Vapours     Pois/Air       20%        N/A       11%         2

Your spell library contained the following spells:

 Spells                   Type           Power      Damage    Failure   Level
 Mephitic Cloud           Conj/Pois/Air  7%         N/A       28%         3
 Olgreb's Toxic Radiance  Pois           17%        N/A       30%         4


Dungeon Overview and Level Annotations

Branches:
Dungeon (2/15)

Altars:

Shops:
D:2 (


Innate Abilities, Weirdness & Mutations

You cannot wear most types of armour.
You are amphibious.
You can wear up to eight rings at the same time.
Your skin changes colour to match your surroundings (Stealth+).
Your rubbery body absorbs attacks. (AC +1, EV +1)
((You are camouflaged when in or above water. (Stealth+)))
You have tentacles for arms and can constrict up to eight enemies at once.


Message History

Casting: Poisonous Vapours (safe; 11% risk of failure)
Confirm with . or Enter, or press ? or * to list all spells.
Aiming: Poisonous Vapours (safe; 11% risk of failure)
Press: ? - help, Dir - move target, f/p - orc priest
Aim: an orc priest, wielding a +1 whip of electrocution (lightly wounded, poisoned) Poisonous vapours surround the orc priest!
The orc priest looks even sicker.
The goblin closely misses you.
Casting: Poisonous Vapours (safe; 11% risk of failure)
Confirm with . or Enter, or press ? or * to list all spells.
Aiming: Poisonous Vapours (safe; 11% risk of failure)
Press: ? - help, Dir - move target, f/p - orc priest
Aim: an orc priest, wielding a +1 whip of electrocution (moderately wounded, very poisoned) Poisonous vapours surround the orc priest!
The orc priest looks even sicker.
The goblin hits you but does no damage.
The orc priest casts a cantrip, but nothing happens.
You completely miss the goblin. Your grab misses the goblin.
The orc priest looks encouraged for a moment.
The goblin misses you.
You completely miss the goblin. You grab the goblin. You squeeze the goblin.
You kill the goblin!
The bat hits you but does no damage.
An orc comes into view.
It is wielding a +2 short sword of holy wrath.
You tentacle-slap the kobold but do no damage.
Your grab misses the kobold. Your squeeze misses the kobold.
The kobold hits you with a +0 club.
You tentacle-slap the kobold but do no damage.
Your grab misses the kobold. The kobold misses you.
The kobold attacks as you move away! The kobold hits you with a +0 club.
The kobold attacks as you move away! The kobold misses you.
The orc priest invokes the aid of Beogh against you.
Beogh smites you!
Ouch! That really hurt!
* * * LOW HITPOINT WARNING * * *
You hear a shout!
The kobold throws a stone.
The stone misses you.
The orc priest looks braver for a moment.
The orc priest mumbles some strange prayers to Beogh against you.
Beogh smites you!
Ouch! That really hurt!
You die...

#.# #.# #.# #.#
#.# #.# ##.##
########...######
.........@.......
######....#.####
#.†....# ###K####
#b# #o# #.oo#
#.....# ........#


You could see an orc priest (very poisoned), 2 orcs, a bat and a kobold.

Vanquished Creatures
  An adder (D:2)
  2 dart slugs
  2 bats (D:1)
  2 endoplasms
  3 giant cockroaches
  A goblin (D:2)
  2 kobolds (D:1)
  A quokka (D:2)
  2 ball pythons (D:2)
  2 frilled lizards
  3 rats
21 creatures vanquished.

Notes
Turn   | Place    | Note
-------+----------+-------------------------------------------
     0 | D:1      | NullDivider the Octopode Venom Mage began the quest for the
                  | Orb.
     0 | D:1      | Reached XP level 1. HP: 11/11 MP: 3/3
   280 | D:1      | Reached XP level 2. HP: 17/17 MP: 1/5
   326 | D:1      | Found a faded altar of an unknown god.
   973 | D:2      | Learned a level 2 spell: Poisonous Vapours
  1189 | D:2      | Reached XP level 3. HP: 21/21 MP: 2/6
  1258 | D:2      | Found Wojar's Weapon Shop.
  1675 | D:2      | Killed from afar by an orc priest

Illustrated notes

Levels and vault maps discovered:
D:1:      grunt_arrival_lava_bath, layout_loops_ring,
          shapermc_ecumenical_altar_acropolis
D:2:      layout_loops_corners, serial_shops, shop,
          nicolae_shop_bloodbath_and_beyond, shop, kennysheep_flooded_box

Skill      XL: |  1  2 |
---------------+-------+-----
Stealth        | 3 |  3.2
Dodging        | |  2.5
Spellcasting   | |  2.3
Transmutations | |  1.3
Air Magic      | |  0.1
Poison Magic   | |  3.9

Action                   || total
-------------------------++-------
Melee: Unarmed           ||     6
       Constrict         ||     1
       Tentacles         ||     1
 Cast: Sting             ||    39
       Poisonous Vapours ||     3
Armor: Skin              ||     5
Dodge: Dodged            ||    14
